[Event "*** Titled Tuesday Blitz"]
[Site "Chess.com"]
[Date "2020.04.28"]
[Round "1"]
[White "saisree"]
[Black "EvgenyRomanov"]
[Result "0-1"]
[WhiteElo "2320"]
[BlackElo "2645"]
[TimeControl "180+1"]
[EndTime "10:07:37 PDT"]
[Termination "EvgenyRomanov won by resignation"]

1. e4 e6 2. d4 d5 3. Nd2 Nc6 4. c3 e5 5. Ngf3 exd4 6. Nxd4 Nxd4 7. cxd4 dxe4 8. Nxe4 Bb4+ 9. Bd2 Bxd2+ 10. Qxd2 Nf6 11. Bd3 O-O 12. Nxf6+ Qxf6 13. O-O Rd8 14. Rfd1 Bg4 15. f3 Qxd4+ 16. Qf2 Qxf2+ 17. Kxf2 Be6 18. Rac1 c6 19. a3 Kf8 20. Ke3 h6 21. Bc2 Ke7 22. Rxd8 Rxd8 23. Rd1 Rxd1 24. Bxd1 Kd6 25. Kd4 c5+ 26. Ke4 g5 27. g3 a5 28. Ba4 Bd5+ 29. Ke3 Bc6 30. Bb3 f6 31. f4 b5 32. fxg5 fxg5 33. Bc2 Ke5 34. h4 b4 35. axb4 cxb4 36. hxg5 hxg5 37.
b3 Bd5 38. Bd1 Be4 39. Bh5 Bc2 40. Bf7 Bd1 41. Bg8 Bg4 42. Bh7 Bf5 43. Bg8 Be6 44. Bxe6 Kxe6 45. Ke4 g4 46. Kd4 Kd6 47. Kc4 Kc6 48. Kd4 Kb5 49. Kd3 a4 50. bxa4+ Kxa4 51. Kc2 b3+ 52. Kb2 Kb4 53. Kb1 Kc3 54. Kc1 Kd3 55.
Kb2 Ke3 56. Kxb3 Kf3 57. Kc2 Kxg3 58. Kd2 Kf2 0-1

[Event "*** Titled Tuesday Blitz"]
[Site "Chess.com"]
[Date "2020.04.28"]
[Round "1"]
[White "aliba25"]
[Black "ulkaf961"]
[Result "0-1"]
[WhiteElo "2508"]
[BlackElo "2185"]
[TimeControl "180+1"]
[EndTime "10:07:37 PDT"]
[Termination "ulkaf961 won by checkmate"]

1. Nf3 d5 2. c4 dxc4 3. e3 Nf6 4. Bxc4 e6 5. O-O Bd6 6. d4 O-O 7. Nc3 c5 8. Nb5 Be7 9. dxc5 Nc6 10. Nd6 Qc7 11.
a3 Rd8 12. b4 Bxd6 13. cxd6 Rxd6 14. Qb3 b6 15. Bb2 Qe7 16. Rfd1 Rxd1+ 17. Rxd1 Bb7 18. Qc3 Rc8 19. Ng5 Nb8 20. Qd3 Nbd7 21. Bb5 Nf8 22.
h3 h6 23. Bxf6 Qxf6 24. Ne4 Qe5 25. Nd6 Rd8 26. f4 Qf6 27. Ba4 Bd5 28. Ne4 Qg6 29. Rd2 Bxe4 30. Qxd8 Qg3 31. Qd4 f5 32. Rf2 Ng6 33.
Bb3 Nh4 34. Bxe6+ Kh7 35. Qd2 Bxg2 36. Rxg2 Nf3+ 37. Kh1 Qxh3+ 38. Rh2 Qf1# 0-1

[Event "*** Titled Tuesday Blitz"]
[Site "Chess.com"]
[Date "2020.04.28"]
[Round "1"]
[White "garicradomir"]
[Black "ElHelvetico"]
[Result "0-1"]
[WhiteElo "2324"]
[BlackElo "2648"]
[TimeControl "180+1"]
[EndTime "10:07:38 PDT"]
[Termination "ElHelvetico won on time"]

1. e4 c5 2. Nf3 d6 3. Be2 Nf6 4. c3 Nbd7 5. d3 g6 6. O-O Bg7 7. a3 b6 8. b4 Bb7 9. Bb2 O-O 10.
Nbd2 e6 11. Re1 Qe7 12. Nc4 Rfd8 13. Qc2 d5 14. Ncd2 Rac8 15. Rac1 a5 16. bxa5 bxa5 17. h3 Ba6 18. e5 Ne8 19. Bf1 Rb8 20. Ba1 Nc7 21. c4 d4 22. h4 Bb7 23. Rb1 Bc6 24. g3 Qe8 25. Bg2 Rxb1 26. Nxb1 Rb8 27. Nbd2 Qc8 28. Ne4 Bxe4 29. Rxe4 Qb7 30. Bxd4 cxd4 31.
Rxd4 Nc5 32. Ng5 Qb1+ 33. Qxb1 Rxb1+ 34. Kh2 Bxe5 35. Rd8+ Kg7 36. f4 Bf6 37. Rc8 N7a6 38. Ne4 Nxd3 39. Ra8 Nac5 40. Nd6 Bd4 41. Ne8+ Kh6 42.
g4 Nxf4 43. Kg3 Nxg2 44. g5+ Kh5 45. Nf6+ Bxf6 46. gxf6 Nxh4 47. Rh8 Nf5+ 48. Kf4 h6 0-1

[Event "*** Titled Tuesday Blitz"]
[Site "Chess.com"]
[Date "2020.04.28"]
[Round "1"]
[White "mikolka1985"]
[Black "Batsai"]
[Result "1-0"]
[WhiteElo "2571"]
[BlackElo "2229"]
[TimeControl "180+1"]
[EndTime "10:07:38 PDT"]
[Termination "mikolka1985 won by resignation"]

1. d4 Nf6 2. c4 e6 3. Nf3 d5 4. Nc3 dxc4 5. e3 a6 6. Bxc4 b5 7. Bb3 Bb7 8. O-O Nbd7 9. Qe2 c5 10. Rd1 Qb6 11. e4 cxd4 12. Nxd4 Bc5 13. Be3 O-O 14. f3 Rfd8 15. Nc2 Ne5 16. Bxc5 Qxc5+ 17. Qe3 Qxe3+ 18. Nxe3 g5 19. Ne2 Nd3 20. Rd2 Nc5 21. Rad1 Rxd2 22. Rxd2 Kf8 23. Bc2 Nfd7 24. b4 Ke7 25. bxc5 Nxc5 26.
Bb3 a5 27. Rc2 Na6 28. Rc1 a4 29. Bd1 Nb4 30. Rb1 Nxa2 31. Rxb5 Bc6 32. Rb6 Kd6 33. Nd4 Kc5 34. Rxc6+ Kxd4 35. Kf2 Nc3 36. Bc2 a3 37. Bb3 a2 38. Nc2+ Kd3 39. Rd6+ Nd5 40. exd5 Kc3 41. Na1 Kb2 42. dxe6 fxe6 43. Rd1 Rb8 44.
Bxe6 Kc3 45. Bf5 Rb2+ 1-0

[Event "*** Titled Tuesday Blitz"]
[Site "Chess.com"]
[Date "2020.04.28"]
[Round "1"]
[White "Sergey85Rodchenkov"]
[Black "Dr_Thomas_Quilter"]
[Result "1-0"]
[WhiteElo "2541"]
[BlackElo "2153"]
[TimeControl "180+1"]
[EndTime "10:07:38 PDT"]
[Termination "Sergey85Rodchenkov won on time"]

1. e4 e5 2. Nf3 Qe7 3. Bc4 c6 4. c3 Nf6 5. d3 d6 6. O-O Be6 7. Bb3 Nbd7 8. Re1 h6 9. Bc2 g5 10. d4 O-O-O 11. Be3 Kb8 12. Na3 Bg7 13. Qd3 Nh5 14.
Rad1 d5 15. Nxe5 Nxe5 16. dxe5 Bxe5 17. exd5 Bxd5 18. Bd4 f6 19. Nc4 Nf4 20. Nxe5 Nxd3 21. Nxc6+ Bxc6 22. Rxe7 Nxb2 23. Rb1 Nc4 24. Be4 Bxe4 25.
Rxe4 Nd2 26. Ree1 Nxb1 27. Rxb1 Rhf8 28. h4 Rd5 29. Kh2 b6 30. Re1 Rd7 31. Re6 Rdf7 32.
Kg3 Kb7 33. Kg4 Kc7 34. Kh5 Kd7 35. Re3 gxh4 36. Kxh4 f5 37. Kh5 Re8 38. Rf3 f4 39.
Kxh6 Re2 40. Kg5 Rxa2 41. Kg6 Rf8 42. Bg7 Re8 43. Rxf4 Re6+ 44. Kf7 Re7+ 45. Kf6 Re6+ 46. Kf7 Re7+ 47. Kg6 Re6+ 48. Bf6 Ra5 49. Kf7 Rd5 50. g4 Rdd6 51. g5 Rd5 52. g6 Rf5 53. Rxf5 1-0

[Event "*** Titled Tuesday Blitz"]
[Site "Chess.com"]
[Date "2020.04.28"]
[Round "1"]
[White "Pomegranate988"]
[Black "viditchess"]
[Result "0-1"]
[WhiteElo "2455"]
[BlackElo "2912"]
[TimeControl "180+1"]
[EndTime "10:07:39 PDT"]
[Termination "viditchess won by resignation"]

1. d4 Nf6 2. c4 e6 3. g3 c5 4. Nf3 cxd4 5. Nxd4 d5 6. Bg2 e5 7. Nb3 d4 8. O-O Nc6 9. f4 e4 10. f5 h5 11. Bg5 h4 12. Bxh4 Rxh4 13. gxh4 Bd6 14.
N1d2 Ng4 15. Nxe4 Bxh2+ 16. Kh1 Qxh4 17. Rf3 Bg3+ 18. Kg1 Ne3 19. Rxe3 dxe3 20. Nxg3 Qxg3 21. Qf1 Ne5 22. Rd1 Ng4 23. Qf3 Qf2+ 24. Qxf2 exf2+ 25. Kh1 Bxf5 26. Rf1 O-O-O 27. Bf3 Rh8+ 28. Kg2 Ne3+ 29. Kxf2 Nxf1 30. Kxf1 Be6 31. Nd2 Rd8 32. Ke1 Kc7 33. b3 b6 34. Ne4 f6 35. Nc3 a6 36. Kf2 Kd6 37. Ke3 Rb8 38. Ne4+ Ke7 39.
Nf2 b5 40. c5 b4 41. Nd3 a5 42. Nf4 Rc8 43. c6 Kd6 44. Kd4 Bf7 45. Nd3 Be8 46. Nb2 Bxc6 47. Nc4+ Kc7 48. Bxc6 Kxc6 49. Nxa5+ Kb5 50.
Nc4 Rd8+ 51. Ke4 Kc5 52. e3 Ra8 0-1

[Event "*** Titled Tuesday Blitz"]
[Site "Chess.com"]
[Date "2020.04.28"]
[Round "1"]
[White "Kosche007"]
[Black "capatl"]
[Result "0-1"]
[WhiteElo "2316"]
[BlackElo "2643"]
[TimeControl "180+1"]
[EndTime "10:07:39 PDT"]
[Termination "capatl won on time"]

1. e4 c5 2. Nf3 e6 3. b3 Nc6 4. Bb2 Qc7 5. c4 d6 6. d4 cxd4 7. Nxd4 a6 8. Nc3 Nf6 9. g3 Be7 10. Bg2 O-O 11. O-O Bd7 12. Rc1 Nxd4 13. Qxd4 Rfd8 14.
h3 Rac8 15. Rfd1 Qb8 16. Kh2 b5 17. cxb5 axb5 18. f4 Ne8 19. Qd2 Bc6 20. Ne2 Qb6 21. Nd4 Bd7 22. g4 Rxc1 23. Rxc1 e5 24. Nf5 Bxf5 25.
exf5 exf4 26. Qxf4 Bf6 27. Bxf6 Nxf6 28. Rd1 Qc5 29. g5 Nh5 30. Qf3 Qe5+ 31. Kg1 Nf4 32.
f6 Qxg5 33. fxg7 Kxg7 34. Rf1 Qxg2+ 35. Qxg2+ Nxg2 36. Kxg2 Rc8 37. Rf2 Rc5 38. Rd2 f6 39. Kg3 d5 40. Kf4 Kf7 41. Ke3 Ke6 42. Kd4 Kd6 43. Rf2 Rc1 44. Rxf6+ Ke7 45. Rh6 Rd1+ 46. Ke3 d4+ 47. Ke2 Ra1 48. Kd3 Rxa2 49. Kxd4 Rc2 50. Rxh7+ Kd6 51. Rh5 Kc6 52. Rh6+ Kb7 53. Re6 b4 0-1

[Event "*** Titled Tuesday Blitz"]
[Site "Chess.com"]
[Date "2020.04.28"]
[Round "1"]
[White "HanSchut"]
[Black "ChesterF"]
[Result "1-0"]
[WhiteElo "2245"]
[BlackElo "2553"]
[TimeControl "180+1"]
[EndTime "10:07:39 PDT"]
[Termination "HanSchut won on time"]

1. e4 c5 2. Nf3 d6 3. d4 cxd4 4. Nxd4 Nf6 5. f3 e5 6. Bb5+ Nbd7 7. Nf5 a6 8. Bxd7+ Qxd7 9. c4 b5 10. cxb5 axb5 11. Nc3 d5 12. Bg5 b4 13. Bxf6 bxc3 14. Bxe5 cxb2 15. Bxb2 Bb4+ 16. Kf2 O-O 17. Qd4 Qa7 18.
Qxa7 Rxa7 19. Bxg7 Re8 20. Bd4 Ra8 21. Nh6+ Kf8 22.
exd5 Bd2 23. Ng4 Ra4 24. Bc5+ Kg7 25. Rhd1 Bc3 26. Rac1 Rxa2+ 27. Kg3 Bxg4 28. Rxc3 Bf5 29. Bd4+ Kg6 30. Rc6+ Kh5 31. Kf4 Rxg2 32. Be3 Rg5 33. d6 Bg6 34. d7 Ree5 35. Rf6 Ref5+ 36. Rxf5 Rxf5+ 37. Kg3 Re5 38. Kf2 Rxe3 39. Kxe3 1-0

[Event "*** Titled Tuesday Blitz"]
[Site "Chess.com"]
[Date "2020.04.28"]
[Round "1"]
[White "OhanyanEminChess"]
[Black "Ariadna_Atreides"]
[Result "1-0"]
[WhiteElo "2493"]
[BlackElo "2036"]
[TimeControl "180+1"]
[EndTime "10:07:39 PDT"]
[Termination "OhanyanEminChess won on time"]

1. e4 c5 2. Nf3 d6 3. d4 cxd4 4. Nxd4 Nf6 5. Nc3 Nc6 6. Bc4 g6 7. Nxc6 bxc6 8. e5 Ng4 9. Bf4 d5 10. Nxd5 cxd5 11. Bxd5 Qb6 12. O-O Rb8 13. e6 fxe6 14.
Bxb8 exd5 15. Bg3 Nf6 16. Be5 Be6 17. Bxf6 exf6 18. Re1 Be7 19. Qe2 Kf7 20. Rad1 Re8 21. Rd3 Bc5 22. Qd2 Qxb2 23. Rb3 Qd4 24. Rb7+ Re7 25.
Rxe7+ Kxe7 26. Qe2 Qe5 27. Qf1 Qd6 28. Qb5 Bb6 29. h3 Qf4 30. Qe2 Qd6 31. Qd2 Kf7 32.
Qh6 Kg8 33. Qh4 Bf7 34. Qg4 f5 35. Qa4 Qc5 36. Rf1 Qd4 37. Qd7 Qd2 38. Qc8+ Kg7 39. Qb8 Qxc2 40. Qe5+ 1-0

[Event "*** Titled Tuesday Blitz"]
[Site "Chess.com"]
[Date "2020.04.28"]
[Round "1"]
[White "NeverEverForever1990"]
[Black "MrTattaglia"]
[Result "0-1"]
[WhiteElo "2457"]
[BlackElo "2925"]
[TimeControl "180+1"]
[EndTime "10:07:40 PDT"]
[Termination "MrTattaglia won by checkmate"]

1. e4 e5 2. Nf3 Nc6 3. Bc4 Bc5 4. c3 Nf6 5. d4 exd4 6. cxd4 Bb4+ 7. Bd2 Nxe4 8. Bxb4 Nxb4 9. Bxf7+ Kxf7 10. Qb3+ Kf8 11. Qxb4+ Qe7 12. Qxe7+ Kxe7 13. Nc3 Nf6 14. O-O-O d6 15.
Rhe1+ Kd8 16. Ng5 Rf8 17. d5 h6 18. Ne6+ Bxe6 19. dxe6 Ke7 20. f4 g6 21. h3 h5 22.
g4 hxg4 23. hxg4 c6 24. f5 Nxg4 25. fxg6 d5 26. Rd4 Nf6 27. Rb4 Rab8 28. Ra4 Ra8 29. Rb4 Rab8 30. Ra4 Rg8 31. Rg1 a6 32. Rf4 Rg7 33.
Na4 Ne4 34. Rf7+ Rxf7 35. exf7 Kf8 36. Nc3 Nc5 37. Ne2 Nd3+ 38. Kd2 Ne5 39. Nd4 c5 40. Nf5 Nf3+ 41. Ke3 Nxg1 42. Kf4 Nh3+ 43. Ke5 b5 44. Nd6 Ng5 45. Kf6 Nxf7 46. Nxf7 Rb6+ 47.
Kf5 Kg7 48. Ne5 Rf6+ 49. Kg5 d4 50. Ng4 Rxg6+ 51. Kf5 Rxg4 52. Kxg4 Kf6 53. Kf3 Ke6 54. Ke2 Kd5 55. Kd3 c4+ 56. Kd2 Ke4 57. Kc2 d3+ 58.
Kc3 Ke3 59. b3 d2 60. bxc4 d1=Q 61. c5 Qd4+ 62. Kc2 Qc4+ 63. Kb2 Kd2 64. c6 Qc3+ 65. Kb1 Qc1# 0-1

[Event "*** Titled Tuesday Blitz"]
[Site "Chess.com"]
[Date "2020.04.28"]
[Round "1"]
[White "Baby_Legs"]
[Black "ahachess"]
[Result "1-0"]
[WhiteElo "2719"]
[BlackElo "2380"]
[TimeControl "180+1"]
[EndTime "10:07:40 PDT"]
[Termination "Baby_Legs won on time"]

1. d4 Nf6 2. Nf3 g6 3. e3 Bg7 4. c4 O-O 5. Be2 c5 6. d5 d6 7. Nc3 a6 8. O-O e6 9. a4 exd5 10. cxd5 Nbd7 11. Qc2 Qe7 12. Re1 Re8 13. Nd2 Rb8 14.
e4 g5 15. a5 Ne5 16. Nc4 Nxc4 17. Bxc4 Nd7 18. Bf1 Ne5 19. Ra3 f5 20. f3 f4 21.
Na4 Ng6 22. Nb6 Bd4+ 23. Kh1 Rf8 24. b4 Bd7 25. bxc5 Bxc5 26. Rb3 Ne5 27. Ba3 Be3 28. Qc7 g4 29. Qxd6 Qh4 30. Rexe3 fxe3 31. Qxe5 Qf2 32. Qg5+ Kf7 33. Rb1 1-0

[Event "*** Titled Tuesday Blitz"]
[Site "Chess.com"]
[Date "2020.04.28"]
[Round "1"]
[White "temiksmozg"]
[Black "Khayala13"]
[Result "1-0"]
[WhiteElo "2646"]
[BlackElo "2322"]
[TimeControl "180+1"]
[EndTime "10:07:40 PDT"]
[Termination "temiksmozg won by resignation"]

1. d4 Nf6 2. c4 e6 3. Nc3 Bb4 4. e3 b6 5. Bd3 Bb7 6. Ne2 Ne4 7. O-O Nxc3 8. bxc3 Be7 9. e4 d6 10. f4 Nd7 11.
Be3 Nf6 12. d5 O-O 13. Nd4 e5 14. fxe5 dxe5 15. Nf5 Bc8 16. Nxe7+ Qxe7 17. c5 Ng4 18. Qf3 Nxe3 19. Qxe3 bxc5 20. Rab1 a5 21. h3 a4 22. Bb5 a3 23. Bc6 Ra5 24. Rb8 Ba6 25. Rfb1 h6 26. Rxf8+ Qxf8 27. Qg3 Qd6 28. Rb8+ Kh7 29. Re8 Qf6 30.
Bd7 Be2 31. Rxe5 Qf1+ 32. Kh2 Ra6 33. Re7 Rf6 34. Bf5+ g6 35. Be6 Kg7 36. Qe5 Qf4+ 37. Qxf4 Rxf4 38. Rxc7 Rxe4 39. Rxf7+ Kh8 40. Ra7 Re3 41.
Rxa3 Rd3 42. Kg1 Rd2 43. Kf2 Bc4+ 44. Ke3 Bxd5 45. Kxd2 Bxe6 46. Ra5 c4 47. a4 Kg7 48. Ra7+ Kf6 49. a5 Ke5 50. a6 Bd5 51. Rg7 Kf6 52.
Rc7 Ke5 53. a7 Kd6 54. Rc8 Bb7 55. a8=Q Bxa8 56. Rxa8 1-0

[Event "*** Titled Tuesday Blitz"]
[Site "Chess.com"]
[Date "2020.04.28"]
[Round "1"]
[White "ViktoriyaTarasova"]
[Black "TST2014"]
[Result "0-1"]
[WhiteElo "2304"]
[BlackElo "2638"]
[TimeControl "180+1"]
[EndTime "10:07:40 PDT"]
[Termination "TST2014 won by checkmate"]

1. d4 Nf6 2. c4 c5 3. d5 e6 4. Nc3 exd5 5. cxd5 d6 6. Nf3 g6 7. Bf4 Bg7 8. Qa4+ Bd7 9. Qb3 Qc7 10. e4 O-O 11.
Nd2 Re8 12. Be2 a6 13. a4 Ng4 14. O-O Ne5 15. h3 f5 16. Rfe1 Rf8 17. Bh2 f4 18. Nf3 Nxf3+ 19. Bxf3 Be5 20. Ne2 Bc8 21. Bg4 Bxg4 22. hxg4 Nd7 23. f3 c4 24. Qc2 b5 25.
axb5 Qb6+ 26. Kh1 Qxb5 27. Rab1 Qb3 28. Rec1 Rac8 29. Qxb3 cxb3 30. Bxf4 Rc2 31. Bxe5 Nxe5 32. Nd4 Rfc8 33. Nxb3 Nd3 34. Rxc2 Rxc2 35. Ra1 Rxb2 36. Nd4 Nb4 37. Rc1 a5 38. Ne6 a4 39. Rc8+ Kf7 40.
g5 a3 41. Rc7+ Ke8 42. Ra7 a2 43. Kh2 Rb1 44. Nc7+ Kd8 45. Ne6+ Kc8 46. Rxh7 a1=Q 47.
Re7 Rh1+ 48. Kg3 Qe1+ 49. Kg4 Qh4# 0-1

[Event "*** Titled Tuesday Blitz"]
[Site "Chess.com"]
[Date "2020.04.28"]
[Round "1"]
[White "Harsha_Bharathakoti"]
[Black "WhiteCapital80"]
[Result "0-1"]
[WhiteElo "2740"]
[BlackElo "2418"]
[TimeControl "180+1"]
[EndTime "10:07:41 PDT"]
[Termination "WhiteCapital80 won by resignation"]

1. e4 e6 2. d4 d5 3. Nc3 Nf6 4. e5 Ne4 5. Nxe4 dxe4 6. c3 c5 7. Ne2 Nc6 8. Be3 cxd4 9. cxd4 b6 10. Nc3 Bb4 11. Bb5 Bd7 12. Qa4 Rc8 13. O-O Bxc3 14. bxc3 Ne7 15. c4 Bxb5 16. Qxb5+ Qd7 17. Qb3 O-O 18.
Rfd1 Nc6 19. Rac1 Na5 20. Qb4 Rfd8 21. d5 exd5 22. cxd5 Rxc1 23. Bxc1 Qg4 24. Qa4 Nc4 25. Re1 Nxe5 26. Qxe4 Qxe4 27. Rxe4 Rxd5 28. f4 Rd1+ 29. Kf2 Rxc1 30. Rxe5 Kf8 31. Re2 f5 32. h3 Kf7 33.
Kf3 Rc3+ 34. Kf2 h5 35. Rd2 Ke6 36. Re2+ Kd6 37. Re5 g6 38. Re2 Rc6 39. Kg3 Rc3+ 40. Kh4 a5 41. Kg5 Rg3+ 42. Kf6 b5 43. Re5 Kc6 44. Re2 b4 45. Kf7 a4 46. Rd2 b3 47.
axb3 axb3 48. Rd8 Kb7 49. Rd4 Kc6 50. Rb4 Kc5 51. Rb8 Kc4 52. h4 Kc3 53. Rc8+ Kd2 54. Rb8 Kc2 55. Rc8+ Kb1 56. Rb8 b2 57. Kf6 Rxg2 58.
Kg7 Kc1 0-1

[Event "*** Titled Tuesday Blitz"]
[Site "Chess.com"]
[Date "2020.04.28"]
[Round "1"]
[White "FranciscodelaF"]
[Black "Gabrielian_Artur"]
[Result "0-1"]
[WhiteElo "2380"]
[BlackElo "2717"]
[TimeControl "180+1"]
[EndTime "10:07:41 PDT"]
[Termination "Gabrielian_Artur won by resignation"]

1. d4 Nf6 2. c4 c5 3. d5 e6 4. Nc3 exd5 5. cxd5 d6 6. g3 g6 7. Bg2 Bg7 8. Nf3 O-O 9. O-O Re8 10. Re1 Bf5 11. Nd2 Na6 12. e4 Bg4 13. f3 Bc8 14.
Nc4 Nc7 15. a4 Nh5 16. f4 Bd4+ 17. Be3 Bxe3+ 18. Rxe3 Ng7 19. e5 Nf5 20. Re1 dxe5 21. d6 Ne6 22. fxe5 Kh8 23. Nd5 Rb8 24. Qf3 Bd7 25.
g4 Nfd4 26. Qf2 Qg5 27. Qf6+ Qxf6 28. Nxf6 Red8 29. Ne3 Bc6 30. Ned5 Bxd5 31. Nxd5 Nc2 32. Rec1 Nxa1 33. Rxa1 Kg7 34. Rf1 a6 35. h4 b5 36.
a5 c4 37. g5 b4 38. Bh3 Rb7 39. Bxe6 fxe6 40. Nc7 c3 41. Nxe6+ Kg8 42. Nxd8 Rf7 43. e6 Rxf1+ 44. Kxf1 cxb2 45. e7 b1=Q+ 46. Kf2 Qc2+ 47. Kf1 Qd3+ 48. Kg1 Qe3+ 49. Kg2 b3 50. Nc6 Qe4+ 51. Kg1 Qxc6 0-1

[Event "*** Titled Tuesday Blitz"]
[Site "Chess.com"]
[Date "2020.04.28"]
[Round "1"]
[White "MusicCityMaster"]
[Black "Valuebet2000"]
[Result "0-1"]
[WhiteElo "2244"]
[BlackElo "2580"]
[TimeControl "180+1"]
[EndTime "10:07:41 PDT"]
[Termination "Valuebet2000 won on time"]

1. d4 d5 2. c4 e6 3. Nf3 Nf6 4. Bg5 Be7 5. e3 h6 6. Bxf6 Bxf6 7. Nc3 O-O 8. Rc1 c6 9. Bd3 dxc4 10. Bxc4 b5 11. Bb3 Bb7 12. Ne4 Nd7 13. O-O Be7 14. Qe2 Qb6 15. Qc2 Rac8 16. Nc5 Nxc5 17. dxc5 Qc7 18.
Nd4 Rfd8 19. Rfd1 Bf6 20. h3 Kh8 21. Qe4 Qe7 22. f4 Rd7 23. Bc2 g6 24. b4 a6 25. Nf3 Rcd8 26. Rxd7 Rxd7 27. Rd1 Rxd1+ 28. Bxd1 Qd7 29. Bc2 Qd5 30. Qxd5 exd5 31. Nd4 Kg7 32. Kf2 Kf8 33. g4 Ke7 34. Kf3 Bh4 35. Ne2 Be1 36. a3 a5 37. e4 axb4 38. axb4 Bxb4 39.
Nd4 Bxc5 40. Nb3 Bb6 41. exd5 cxd5 42. Ke2 Kd6 43. Bd3 b4 44. Bb5 d4 45. Kd3 Bg2 46.
h4 Bf1+ 0-1

[Event "*** Titled Tuesday Blitz"]
[Site "Chess.com"]
[Date "2020.04.28"]
[Round "1"]
[White "Toro1234"]
[Black "GMaka"]
[Result "1-0"]
[WhiteElo "2643"]
[BlackElo "2321"]
[TimeControl "180+1"]
[EndTime "10:07:42 PDT"]
[Termination "Toro1234 won by resignation"]

1. Nf3 d5 2. g3 Nf6 3. Bg2 g6 4. O-O Bg7 5. d4 O-O 6. c4 c6 7.
Qb3 Qb6 8. Nc3 Qxb3 9. axb3 Na6 10. Bf4 Bf5 11. Rfc1 Rfc8 12. h3 Nb4 13. g4 Be4 14.
Be5 e6 15. g5 Nh5 16. Bxg7 Kxg7 17. Nxe4 dxe4 18. Nd2 Rd8 19. e3 e5 20. Nxe4 exd4 21.
exd4 Rxd4 22. Rd1 Rd3 23. Bf1 Rxb3 24. Rd7 Rxb2 25. Nd6 Rf8 26. Rxb7 a6 27. c5 Nf4 28. Ra4 a5 29. Rxa5 Ne6 30. h4 h6 31. gxh6+ Kxh6 32. Nxf7+ Kh5 33. Ne5 Kh6 34. Nf7+ Kh5 35. Ne5 Kh6 36.
Ra4 Rfxf2 37. Raxb4 Nf4 38. Rxf4 Rxf4 39. Rxb2 Rxh4 40.
Bg2 Rh5 41. Nd3 Rg5 42. Kf2 Rf5+ 43. Ke3 Rf6 44. Be4 Re6 45. Rg2 Kg7 46. Rxg6+ Rxg6 47. Bxg6 Kxg6 48. Ne5+ Kf5 49. Nxc6 Ke6 50. Nb4 Kd7 51. Kd4 Kc7 52. Kd5 1-0

[Event "*** Titled Tuesday Blitz"]
[Site "Chess.com"]
[Date "2020.04.28"]
[Round "1"]
[White "axvesik"]
[Black "LiemLe"]
[Result "0-1"]
[WhiteElo "2463"]
[BlackElo "2996"]
[TimeControl "180+1"]
[EndTime "10:07:44 PDT"]
[Termination "LiemLe won by resignation"]

1. e4 c5 2. Nf3 Nc6 3. d4 cxd4 4. Nxd4 Nf6 5. Nc3 d6 6. f3 e5 7. Nb3 Be7 8. Be3 O-O 9. Qd2 Be6 10. O-O-O Qb8 11. Nd5 Bxd5 12. exd5 Nd8 13. g4 Qc7 14. h4 a5 15. a4 Nd7 16. h5 Nb6 17.
Bb5 Nc4 18. Qc3 Rc8 19. Qxc4 Qxc4 20. Bxc4 Rxc4 21. Nxa5 Rxa4 22. Nb3 f5 23. Rhg1 fxg4 24. fxg4 Rf3 25. Kd2 Nf7 26. Ra1 Re4 27. Ra8+ Bf8 28. Re1 Rxg4 29. Na5 g6 30. hxg6 hxg6 31. Nxb7 Kg7 32.
Nd8 Nxd8 33. Rxd8 Be7 34. Rd7 Kf6 35. c3 g5 36. b4 Rh4 37. b5 g4 38. b6 g3 39. b7 Rh8 40. Ke2 e4 41. Rh1 Rxh1 42.
b8=Q Rh2+ 43. Ke1 Rxe3+ 44. Kd1 Rd3+ 45. Ke1 Re3+ 46. Kd1 g2 47. Rxd6+ Kg7 48. Rg6+ Kxg6 49. Qb6+ Kf5 50. Qxe3 Rh1+ 0-1

[Event "*** Titled Tuesday Blitz"]
[Site "Chess.com"]
[Date "2020.04.28"]
[Round "1"]
[White "Munkhzul_Turmunkh"]
[Black "DACF2905"]
[Result "1/2-1/2"]
[WhiteElo "2523"]
[BlackElo "2185"]
[TimeControl "180+1"]
[EndTime "10:07:44 PDT"]
[Termination "Game drawn by repetition"]

1. e4 e5 2. Nf3 Nf6 3. Nxe5 d6 4. Nf3 Nxe4 5. d4 d5 6. Bd3 Bd6 7. O-O O-O 8. c4 c6 9. Nc3 Nxc3 10. bxc3 dxc4 11. Bxc4 Bf5 12. Re1 Nd7 13. Bd3 Qf6 14. Bg5 Qg6 15. Bxf5 Qxf5 16. Qb1 Qxb1 17. Raxb1 Nb6 18. Nd2 f6 19. Bh4 Rfe8 20. Ne4 Bf8 21. Bg3 Nc4 22. f3 b5 23. Kf2 a6 24. Bf4 f5 25. Ng5 h6 26. Ne6 g5 27. Nxf8 Kxf8 28. Bc7 Kf7 29. h4 Rac8 30. Rxe8 Kxe8 31. Re1+ Kf7 32. Be5 Re8 33. hxg5 hxg5 34. f4 gxf4 35. Kf3 c5 36. Kxf4 cxd4 37. cxd4 Kg6 38. g4 fxg4 39. Kxg4 Nxe5+ 40. dxe5 a5 41. Kf4 Rf8+ 42. Ke4 Rf2 43. a3 Ra2 44. Re3 Rd2 45. Rf3 b4 46. axb4 axb4 47.
Rb3 Re2+ 48. Kd5 Kf5 49. Rf3+ Kg4 50. Rb3 Kf5 51. Rxb4 Rxe5+ 52. Kd6 Re6+ 53. Kd5 Re5+ 54. Kd6 Re6+ 55. Kd5 Re5+ 1/2-1/2

[Event "*** Titled Tuesday Blitz"]
[Site "Chess.com"]
[Date "2020.04.28"]
[Round "1"]
[White "Mr_Sinigami"]
[Black "tgpgoat"]
[Result "1-0"]
[WhiteElo "2541"]
[BlackElo "2200"]
[TimeControl "180+1"]
[EndTime "10:07:45 PDT"]
[Termination "Mr_Sinigami won on time"]

1. Nf3 Nf6 2. c4 g6 3. Nc3 Bg7 4. e4 d6 5. d4 c5 6. Be2 cxd4 7.
Nxd4 Nc6 8. Be3 O-O 9. O-O Be6 10.
Nxe6 fxe6 11. f3 Nd7 12. Rc1 b6 13. f4 Rc8 14. Bg4 e5 15. Be6+ Kh8 16. f5 Rb8 17. Nd5 Nf6 18. Nxf6 Rxf6 19. Bd5 Nb4 20. fxg6 Rxg6 21.
Bf7 Rf6 22. Qh5 Nd3 23. Rxf6 exf6 24. Rf1 Nxb2 25. Rf3 Rb7 26. Bg6 Qg8 27. Rh3 Bf8 28. Bf5 Nxc4 29. Bh6 Bxh6 30. Qxh6 Qg7 31. Qh5 b5 32.
Rg3 Qf7 33. Qg4 Rb8 34. Be6 h5 35. Qh3 Qh7 36. Bf5 Qh6 37. Rf3 Rg8 38. g3 Qc1+ 39. Kg2 Qd2+ 40. Kg1 Qe1+ 41. Rf1 Qe3+ 42. Kh1 1-0

[Event "*** Titled Tuesday Blitz"]
[Site "Chess.com"]
[Date "2020.04.28"]
[Round "1"]
[White "TerorPtica"]
[Black "zabivol_mc"]
[Result "1-0"]
[WhiteElo "2956"]
[BlackElo "2459"]
[TimeControl "180+1"]
[EndTime "10:07:46 PDT"]
[Termination "TerorPtica won on time"]

1. d4 Nf6 2. c4 g6 3. Nc3 Bg7 4. e4 d6 5. Nf3 Bg4 6. Be3 O-O 7.
Be2 Nfd7 8. Rc1 e5 9. d5 a5 10. O-O f5 11. Ng5 f4 12. Bxg4 Qxg5 13. Bd2 Nc5 14. f3 Nba6 15. a3 h5 16. Bh3 Qe7 17.
Rb1 g5 18. b4 axb4 19. axb4 Nd7 20. Bf5 Nf6 21. Qe2 Bh6 22. g3 Qg7 23. gxf4 exf4 24. Kh1 Rae8 25. Rg1 Nb8 26. Nb5 Nxd5 27. cxd5 Rxf5 28.
Qc4 Rf7 29. Rbc1 Ree7 30. Nd4 Nd7 31. Ne6 Qb2 32. Bc3 Qf2 33. Rcf1 Qe3 34. Qxc7 Nf8 35. Qc8 Kh7 36. Nxg5+ Bxg5 37. Rxg5 Rc7 38. Rxh5+ Kg8 39. Rg1+ Rg7 40. Rxg7+ Rxg7 41. Bxg7 Qxf3+ 42. Kg1 Qd1+ 43. Kf2 1-0

[Event "*** Titled Tuesday Blitz"]
[Site "Chess.com"]
[Date "2020.04.28"]
[Round "1"]
[White "Kostya26"]
[Black "TheBigBoss04"]
[Result "0-1"]
[WhiteElo "2399"]
[BlackElo "2751"]
[TimeControl "180+1"]
[EndTime "10:07:46 PDT"]
[Termination "TheBigBoss04 won by resignation"]

1. e4 g6 2. d4 Bg7 3. Nc3 d6 4. Be3 a6 5. a4 Nd7 6. Bc4 e6 7. Nge2 Ngf6 8. f3 Rb8 9. O-O O-O 10. Qd2 Re8 11. Rfd1 b6 12. Nf4 Bb7 13. Qf2 Qe7 14. Re1 c6 15. Rad1 b5 16. Bb3 e5 17. Nd3 exd4 18. Bxd4 Ba8 19. Kh1 b4 20. e5 dxe5 21. Nxe5 Nxe5 22. Bxe5 Ng4 23. fxg4 Bxe5 24. Ne4 Kg7 25.
Nc5 Qf6 26. Qxf6+ Bxf6 27. Nd7 Rxe1+ 28. Rxe1 Rd8 29. Nxf6 Kxf6 30. Rf1+ Kg5 31. Bxf7 c5 32. Bb3 Rd2 33. Rg1 Kxg4 34. c3 Rxb2 35. Be6+ Kg5 36. cxb4 cxb4 37. h3 a5 38. Kh2 Re2 39. Bc4 Rc2 40.
Bd3 Rd2 41. Bb5 h5 42. Kg3 h4+ 43. Kh2 b3 44. Bf1 b2 45. Bc4 Rxg2+ 46. Rxg2+ Bxg2 0-1